 Dungeon Crawl Stone Soup version 0.21.1-1-g345015fe64 (webtiles) character file.

533 RaHiT the Nimble (level 7, -9/35 HPs)
             Began as a Spriggan Gladiator on Mar 27, 2018.
             Killed by divine providence
             ... invoked by an orc priest
              (11 damage)
             ... on level 3 of the Dungeon.
             The game lasted 00:10:10 (3345 turns).

RaHiT the Nimble (Spriggan Gladiator)               Turns: 3345, Time: 00:10:11

Health: -9/35      AC:  2    Str: 10    XL:     7   Next: 4%
Magic:  8/8        EV: 25    Int:  9    God:
Gold:   113        SH:  0    Dex: 20    Spells: 6/6 levels left

rFire    . . .     SeeInvis +   a - +0 quarterstaff
rCold    . . .     Gourm    .   (shield currently unavailable)
rNeg     . . .     Faith    .   b - +0 robe
rPois    .         Spirit   .   c - +0 hat
rElec    .         Reflect  .   (no cloak)
rCorr    .         Harm     .   (gloves unavailable)
MR       +....                  (boots unavailable)
Stlth    ++........             (no amulet)
HPRegen  0.11/turn              (no ring)
MPRegen  0.11/turn              (no ring)

@: very quick
A: very small, unfitting armour, see invisible, herbivore, speed 3, slow
metabolism 2
a: no special abilities


You were on level 3 of the Dungeon.
You were not hungry.

You visited 1 branch of the dungeon, and saw 3 of its levels.

You collected 113 gold pieces.

Inventory:

Hand Weapons
 a - a +0 quarterstaff (weapon)
Missiles
 d - 3 throwing nets (quivered) {!f}
Armour
 b - a +0 robe (worn)
 c - a +0 hat (worn)
Scrolls
 e - 4 scrolls of identify {unknown}
 h - 3 scrolls of teleportation {unknown}
 i - a scroll of fog {unknown}
 j - a scroll of magic mapping {unknown}
 o - a scroll of fear {unknown}
Potions
 g - a potion of haste
 k - a potion of mutation {unknown}
 m - a potion of flight {unknown}
 n - 2 potions of brilliance {unknown}
 p - a potion of curing
Comestibles
 f - 5 rations


   Skills:
 + Level 2.5 Fighting
 + Level 4.3 Staves
 - Level 2.0 Throwing
 + Level 8.4 Dodging


You had 6 spell levels left.
You didn't know any spells.

Dungeon Overview and Level Annotations

Branches:
Dungeon (3/15)

Altars:
Makhleb

Annotations:
D:3 Oravi's ghost, amateur HaFi


Innate Abilities, Weirdness & Mutations

You are very small and have problems with some larger weapons.
You are too small for most types of armour.
You have supernaturally acute eyesight. (SInv)
You are a herbivore.
You cover ground extremely quickly.
You need consume almost no food.


Message History

The orc priest closely misses you.
You hit the orc priest.
The orc priest is severely wounded.
The orc priest hits you with a flail!
You hit the orc priest but do no damage.
The orc priest is severely wounded.
The orc priest misses you.
You barely miss the orc priest.
The orc priest is severely wounded.
The orc priest invokes the aid of Beogh against you.
Pain shoots through your body!
* * * LOW HITPOINT WARNING * * *
You hit the orc priest but do no damage.
The orc priest is severely wounded.
The orc priest barely misses you.
You closely miss the orc priest.
The orc priest is severely wounded.
The orc priest calls down the wrath of Beogh upon you.
Beogh smites you!
You die...

#. ...o# ##.##.#
#. .oo# ####.# #.#
#.o# #.# #..#...#
#+# #.# #....#.#
#.# ##### #.#
#.#o##.# #.#
#...####.#
#......#
##.#####........#
###.####
##..........######
#.# #@....#######
#.##########o..##
#.(.o....)....##
###############


You could see an orc priest.

Vanquished Creatures
  Sigmund (D:2)
  3 jellies (D:2)
  Natasha (thrice) (D:2)
  An orc wizard (D:3)
  4 gnolls (D:3)
  3 adders (D:2)
  6 oozes (D:2)
  5 worms (D:2)
  A dart slug (D:2)
  A leopard gecko (D:1)
  7 orcs (D:3)
  3 bats (D:1)
  3 giant cockroaches (D:2)
  7 goblins
  9 hobgoblins
  A ball python (D:1)
  4 frilled lizards
  18 kobolds
  10 rats
90 creatures vanquished.

Vanquished Creatures (others)
  6 toadstools (D:2)
6 creatures vanquished.

Grand Total: 96 creatures vanquished

Notes
Turn   | Place    | Note
-------+----------+-------------------------------------------
     0 | D:1      | RaHiT the Spriggan Gladiator began the quest for the Orb.
     0 | D:1      | Reached XP level 1. HP: 10/10 MP: 2/2
   100 | D:1      | Reached XP level 2. HP: 13/15 MP: 3/3
   825 | D:2      | Reached skill level 5 in Dodging
   890 | D:2      | Reached XP level 3. HP: 15/18 MP: 4/4
  1049 | D:2      | Reached XP level 4. HP: 21/23 MP: 5/5
  1085 | D:2      | Reached skill level 6 in Dodging
  1120 | D:2      | Reached XP level 5. HP: 15/26 MP: 6/6
  1423 | D:2      | Found a burning altar of Makhleb.
  1423 | D:2      | Noticed a blizzard demon
  1482 | D:2      | Noticed Sigmund
  1509 | D:2      | Killed Sigmund
  1509 | D:2      | Reached skill level 7 in Dodging
  1509 | D:2      | Reached XP level 6. HP: 22/30 MP: 7/7
  1574 | D:2      | Noticed Natasha
  1625 | D:2      | Killed Natasha
  1927 | D:2      | Reached skill level 8 in Dodging
  1996 | D:2      | Noticed Natasha
  2022 | D:2      | Killed Natasha
  2547 | D:3      | Noticed Oravi's ghost (amateur HaFi)
  2712 | D:2      | Noticed Natasha
  2721 | D:2      | Killed Natasha
  2917 | D:3      | Reached XP level 7. HP: 25/35 MP: 8/8
  3343 | D:3      | HP: 1/35 [orc priest/nerve-wracking pain (10)]
  3345 | D:3      | Killed from afar by an orc priest

Skill      XL: |  1  2  3  4  5  6 |
---------------+-------------------+-----
Fighting       | 2 |  2.5
Dodging        | 5 6 7 8 |  8.4
Staves         | 3 4 |  4.3
Throwing       | |  2.0

Action                   |  1- 3 |  4- 6 |  7- 9 || total
-------------------------+-------+-------+-------++-------
Melee: Quarterstaff      |    88 |   178 |    33 ||   299
Throw: Tomahawk          |     7 |    31 |     3 ||    41
       Throwing net      |       |     1 |       ||     1
  Use: Potion            |     3 |     2 |       ||     5
       Scroll            |     2 |       |       ||     2
 Stab: Sleeping          |     4 |       |     1 ||     5
       Held in net/web   |       |     2 |       ||     2
  Eat: Ration            |       |       |     1 ||     1
Armor: Robe              |     5 |     7 |       ||    12
Dodge: Dodged            |    74 |   144 |    21 ||   239
